 Dungeon Crawl Stone Soup version 0.30-a0-586-g23e55c9e0a (webtiles) character file.

Game seed: 7551186288734830831

206420 cforsyth the Brawler (level 18, -2/166 HPs)
             Began as a Ghoul Monk on Jan 3, 2023.
             Was a High Priest of Okawaru.
             Splashed by a goliath frog's acid (10 damage)
             ... on level 1 of the Swamp.
             The game lasted 01:17:49 (42160 turns).

cforsyth the Brawler (Ghoul Monk)                  Turns: 42160, Time: 01:17:50

Health: -2/166     AC: 26    Str: 36    XL:     18   Next: 71%
Magic:  26/26      EV:  8    Int: 11    God:    Okawaru [*****.]
Gold:   2093       SH: 11    Dex:  6    Spells: 17/17 levels left

rFire   + + +      SeeInvis +      - Unarmed
rCold   + . .      Faith    .    O - +1 kite shield {AC+3}
rNeg    + + +      Spirit   .    V - +7 plate armour of Okawaru, Hammering {rF+ Int+4 Dex-5}
rPois   ∞          Reflect  .    x - +1 helmet {SInv}
rElec   .          Harm     .    K - +2 cloak
rCorr   .          Rampage  .    N - +1 pair of gloves of Qajegok {Contam rF++ Str+4 Stlth-}
Will    ++...                    E - +0 pair of boots Stlth
                                 I - amulet "Toceaj" {RegenMP Will+ Str+6 Stlth+}
HPRegen 0.00/turn                R - ring of Syonizxar {Wiz Str+3 Int+2 Slay+3}
MPRegen 0.60/turn                Q - +4 ring of protection

@: corroded, inhibited regen, studying Stealth, very slow
A: claws 1, cold resistance 1, negative energy resistance 3, inhibited
regeneration, torment resistance 2, devour on kill
}: 1/15 runes: serpentine
a: Renounce Religion, Heroism, Finesse, Duel


You were on level 1 of the Swamp.
You worshipped Okawaru.
Okawaru was extremely pleased with you.
You visited 6 branches of the dungeon, and saw 28 of its levels.
You also visited: Sewer, Ossuary, Ice Cave and Volcano.

You collected 3771 gold pieces.
You spent 1678 gold pieces at shops.

Inventory:

Missiles
 J - a throwing net (quivered)
Armour
 k - the +2 cloak "Qudiunoz" {*Slow rElec rN+++ Will-}
   (Okawaru gifted it to you on level 4 of the Snake Pit)

   rElec:     It insulates you from electricity.
   rN:        It renders you almost immune to negative energy.
   *Slow:     It may slow you when you take damage.
   Will:      It decreases your willpower.
 x - a +1 helmet of see invisible (worn)
 E - a +0 pair of boots (worn)
 F - the +1 kite shield of the Orb Guardian {rElec rC- rN+}
   (Okawaru gifted it to you on level 1 of the Lair of Beasts)

   rC:        It makes you vulnerable to cold.
   rElec:     It insulates you from electricity.
   rN:        It protects you from negative energy.
 K - a +2 cloak (worn)
 N - the +1 pair of gloves of Qajegok (worn) {Contam rF++ Str+4 Stlth-}
   (You acquired it on level 13 of the Dungeon)

   Str:       It affects your strength (+4).
   rF:        It greatly protects you from fire.
   Contam:    It causes magical contamination when unequipped.
   Stlth:     It makes you less stealthy.
 O - a +1 kite shield of protection (worn)
 V - the +7 plate armour of Okawaru, Hammering (worn) {rF+ Int+4 Dex-5}
   (Okawaru gifted it to you on level 2 of the Snake Pit)

   Int:       It affects your intelligence (+4).
   Dex:       It affects your dexterity (-5).
   rF:        It protects you from fire.
Jewellery
 f - an amulet of the acrobat
 m - an amulet of regeneration
 p - a ring of wizardry
 t - an amulet of guardian spirit
 C - a +6 ring of strength
 I - the amulet "Toceaj" (around neck) {RegenMP Will+ Str+6 Stlth+}
   (You acquired it on level 3 of the Lair of Beasts)

   [amulet of magic regeneration]

   It increases your rate of magic regeneration.
   Str:       It affects your strength (+6).
   Will:      It increases your willpower.
   Stlth:     It makes you more stealthy.
 M - a ring of protection from cold
 Q - a +4 ring of protection (right hand)
 R - the ring of Syonizxar (left hand) {Wiz Str+3 Int+2 Slay+3}
   (You acquired it on level 5 of the Lair of Beasts)

   [ring of wizardry]

   It improves your spell success rate.
   Str:       It affects your strength (+3).
   Int:       It affects your intelligence (+2).
   Slay:      It affects your accuracy & damage with ranged weapons and melee
   (+3).
Wands
 n - a wand of polymorph (7)
 z - a wand of flame (13)
 A - a wand of roots (15)
 G - a wand of acid (18)
 S - a wand of mindburst (3)
Scrolls
 c - 5 scrolls of enchant armour
 d - 3 scrolls of poison
 e - 4 scrolls of teleportation
 l - 9 scrolls of identify
 o - 3 scrolls of fog
 u - 3 scrolls of vulnerability
 w - 7 scrolls of blinking
 y - 2 scrolls of fear
 B - 2 scrolls of immolation
 D - 4 scrolls of magic mapping
 H - 3 scrolls of silence
 L - 3 scrolls of amnesia
 U - a scroll of torment
Potions
 a - 5 potions of haste
 b - 6 potions of ambrosia
 g - a potion of heal wounds
 h - 11 potions of cancellation
 i - 20 potions of curing
 j - 4 potions of magic
 q - 5 potions of flight
 r - 4 potions of attraction
 s - a potion of might
 v - 5 potions of brilliance
 P - 3 potions of invisibility
 T - a potion of resistance


   Skills:
 - Level 15.8 Fighting
 + Level 16.6 Armour
 - Level 2.8 Dodging
 - Level 5.8 Stealth
 - Level 11.3 Shields
 + Level 19.7 Unarmed Combat
 - Level 12.7 Invocations


You had 17 spell levels left.
You didn't know any spells.
Your spell library contained the following spells:

 Spells                   Type           Power      Damage    Failure   Level
 Kiss of Death            Conj/Necr      0%         2d5       71%         1
 Slow                     Hex            0%         N/A       71%         1
 Blink                    Tloc           0%         N/A       83%         2
 Cigotuvi's Dreadful Rot  Necr/Pois/Air  0%         N/A       83%         2
 Ensorcelled Hibernation  Hex/Ice        0%         N/A       83%         2
 Momentum Strike          Conj/Tloc      0%         3d8       83%         2
 Passwall                 Tmut/Erth      0%         N/A       83%         2
 Poisonous Vapours        Pois/Air       0%         N/A       83%         2
 Confusing Touch          Hex            0%         N/A       96%         3
 Inner Flame              Hex/Fire       0%         N/A       96%         3
 Lesser Beckoning         Tloc           0%         N/A       96%         3
 Mephitic Cloud           Conj/Pois/Air  0%         N/A       96%         3
 Swiftness                Air            0%         N/A       96%         3
 Vampiric Draining        Necr           0%         2d6       96%         3
 Cause Fear               Hex            0%         N/A       100%        4
 Dispel Undead            Necr           0%         3d6       100%        4
 Passage of Golubria      Tloc           0%         N/A       100%        4
 Iskenderun's Battlesphe  Conj           0%         2d6       100%        5
 Silence                  Hex/Air        0%         N/A       100%        5
 Iron Shot                Conj/Erth      0%         9d1       100%        6
 Discord                  Hex            0%         N/A       100%        8
 Lehudib's Crystal Spear  Conj/Erth      0%         10d2      100%        8
 Animate Armour           Summ/Erth      Unusable   N/A       N/A         4
 Blade Hands              Tmut           Unusable   N/A       N/A         5
 Spellforged Servitor     Conj/Summ      Unusable   N/A       N/A         7

Dungeon Overview and Level Annotations

Branches:
Dungeon (15/15)            Temple (1/1) D:6            Lair (5/5) D:9
  Swamp (1/4) Lair:2        Snake (4/4) Lair:2        Slime (0/5) Lair:5
    Orc (2/2) D:9             Elf (0/3) Orc:2        Vaults (0/5) D:13
 Depths (0/4) D:15          Sewer (visited)         Ossuary (visited)
  IceCv (visited)         Volcano (visited)

Altars:
Ashenzari
Cheibriados
Dithmenos
Gozag
Kikubaaqudgha
Makhleb
Nemelex Xobeh
Okawaru
Qazlal
Ru
Trog
Uskayaw
Vehumet
Xom
Jiyva

Shops:
D:4 =   D:13 *   Orc:2 ?![:   Snake:2 ?   Snake:4 ?[*[

Portals:
Pandemonium: Orc:2


Innate Abilities, Weirdness & Mutations

You are immune to poison.
You have sharp fingernails.
Your flesh is cold resistant. (rC+)
You are immune to negative energy. (rN+++)
You do not regenerate when monsters are visible.
You are immune to unholy pain and torment.
You thrive by killing the living.


Message History

The vampire mosquito bites you but does no damage.
You block the vampire mosquito's attack.
The vampire mosquito bites you but does no damage.
You block the goliath frog's attack.
You punch the vampire mosquito!
You destroy the vampire mosquito!
Okawaru accepts your kill.
The vampire mosquito bites you but does no damage.
The goliath frog hits you but does no damage.
You hit the vampire mosquito.
The vampire mosquito is lightly damaged.
You block the vampire mosquito's attack.
The vampire mosquito bites you but does no damage.
The goliath frog hits you but does no damage.
You hit the vampire mosquito.
The vampire mosquito is lightly damaged.
You block the vampire mosquito's attack.
You pound the vampire mosquito into fine dust!!!
You destroy the vampire mosquito!
Okawaru accepts your kill.
The goliath frog hits you but does no damage.
The goliath frog hits you from afar! The acid corrodes you!
You are splashed with acid!
The goliath frog hits you but does no damage.
Found a potion of flight.
You block the goliath frog's attack.
You enter the shallow water.
Moving in this stuff is going to be slow.
The goliath frog hits you from afar.
* * * LOW HITPOINT WARNING * * *
You are splashed with acid!
* * * LOW HITPOINT WARNING * * *
The goliath frog barely misses you. The goliath frog hits you from afar!
* * * LOW HITPOINT WARNING * * *
The acid corrodes you!
You are splashed with acid!
* * * LOW HITPOINT WARNING * * *
The goliath frog hits you but does no damage.
The goliath frog hits you from afar!
* * * LOW HITPOINT WARNING * * *
The acid corrodes you!
You are splashed with acid!
You die...

♣~~~~~~~~..≈≈≈≈≈..♣ ♣~.
♣♣♣~~~~~....≈≈≈≈≈.♣ ....
♣§~~~.÷.<.≈≈≈≈≈.♣ ~~~.♣
♣♣.~~~...(.≈≈≈≈≈.♣ ~~~~.
♣♣..~~~~...≈≈≈≈≈≈.♣ ~~~~~.
♣♣..~~~~.~..≈≈≈≈≈..♣
~.~~.~♣♣.~.§~~..~~~♣.≈≈..♣♣
~....[..~~~~~~....~~.~♣♣♣♣
~.......~§~~~F~@...~.~♣
....♣♣♣♣.~~~~~~~~~..♣~♣
...♣♣♣♣♣~.~~~~~§~~~§~.♣♣
~~...)†~.~~~~~~~~~~§~.~♣
~§.....~.~..~~~~~~§~~.~♣
~~..~~♣♣~...~~~~~~~§..♣♣
~...~♣ ♣♣♣..~!~~....~♣♣
.[.♣♣ ♣~♣♣♣......♣♣ .. .♣♣
♣♣~~~~.♣


You could see a goliath frog.

Vanquished Creatures
  Mara (Snake:3)
  Vashnia (Snake:4)
  Nikola (Snake:4)
  Rupert (Lair:5)
  A tentacled starspawn (Lair:5)
  Kirke (Snake:1)
  Gastronok (Lair:3)
  4 nagarajas
  A fire giant (D:15)
  The ghost of Iich the Impaler, a journeyman MiFi of Gozag (Orc:1)
  An orc warlord (D:13)
  A very ugly thing (D:13)
  A quicksilver ooze (shapeshifter) (D:13)
  The ghost of themarg the Martial Artist, a journeyman GnTm of Ashenzari (Lair:4)
  A bunyip (Lair:2)
  The ghost of Isikleif the Cleaver, a journeyman MiBe of Trog (D:13)
  A fire dragon (D:13)
  A salamander tyrant (Snake:4)
  4 hydras
  A ghost crab (Lair:2)
  A demonspawn (Orc:2)
  4 vault guards
  3 catoblepae
  A merfolk avatar (Lair:5)
  Erica (D:8)
  An ogre mage (Orc:1)
  5 two-headed ogres
  10 centaur warriors
  2 boulder beetles
  12 anacondas
  A death knight (D:14)
  2 alligators
  3 tengu warriors
  16 naga warriors
  32 naga sharpshooters
  2 orc high priests (Orc:2)
  A soul eater (Orc:2)
  7 shock serpents
  A hell knight (Volcano)
  2 goliath frogs (Swamp:1)
  2 salamander mystics (Snake:2)
  A sixfirhy (Orc:2)
  4 skeletal warriors
  7 sea snakes
  8 naga ritualists
  An obsidian statue (D:13)
  A deep elf archer (Orc:1)
  A lindwurm (Lair:3)
  6 orc knights
  9 orc sorcerers (Orc:2)
  A phantasmal warrior (D:14)
  4 harpies (Lair:5)
  2 deep elf pyromancers (D:12)
  4 mana vipers (Snake:1)
  2 wolf spiders (Lair:2)
  3 cyclopes
  26 ugly things
  12 manticores
  2 will-o-the-wisps (Swamp:1)
  17 elephants
  Maurice (D:12)
  35 black mambas
  15 salamanders
  19 naga magi
  A rust devil (Orc:2)
  10 guardian serpents
  3 gargoyles
  13 cane toads
  An unseen horror (D:13)
  A kobold demonologist (D:12)
  12 komodo dragons
  4 rime drakes
  2 yaktaurs (Volcano)
  3 freezing wraiths
  A tengu conjurer (D:15)
  A wind drake (Lair:5)
  3 trolls
  The ghost of Iich the Cleaver, an amateur MiFi (D:6)
  4 meliai
  Grinder (Sewer)
  6 tyrant leeches
  5 blink frogs (Lair:2)
  5 dream sheep (Lair:5)
  3 polar bears
  3 hornets
  A wind drake (shapeshifter) (D:15)
  Prince Ribbit (D:5)
  11 slime creatures (D:14)
  3 shadows
  A spriggan (Lair:4)
  A wraith (D:9)
  A centaur simulacrum (D:14)
  2 humans
  A dire elephant simulacrum (IceCv)
  42 yaks
  5 wyverns
  2 hogs (Snake:1)
  A chaos spawn (Orc:2)
  Eustachio (D:4)
  14 vampire mosquitoes
  5 basilisks
  A death yak simulacrum (IceCv)
  3 steam dragons
  A two-headed ogre zombie (D:9)
  A swamp worm (Lair:2)
  4 wargs
  2 acid dragons
  A harpy simulacrum (IceCv)
  45 nagas
  Duvessa (D:5)
  12 water moccasins
  2 ice beasts
  A sky beast (D:6)
  25 orc warriors
  A swamp drake (Swamp:1)
  3 black bears
  A boggart (Lair:4)
  8 ogres
  17 wolves
  An ogre (shapeshifter) (D:15)
  15 centaurs
  4 phantoms
  5 kobold brigands
  13 bullfrogs
  4 gnoll sergeants
  4 water moccasin zombies (Ossuary)
  A troll zombie (D:9)
  Dowan (D:5)
  6 killer bees
  2 elephant simulacra
  3 electric eels
  3 howler monkeys
  3 jellies (D:2)
  6 quasits
  27 orc priests
  5 hounds
  Natasha (thrice) (D:3)
  23 orc wizards
  8 iguanas
  2 polar bear simulacra
  A statue (D:9)
  A wolf simulacrum (IceCv)
  6 ogre zombies (D:9)
  3 mummies
  10 adders
  21 gnolls
  A river rat (D:4)
  2 shadow imps
  2 white imps
  7 ufetubi
  4 adder zombies (Ossuary)
  2 dart slugs
  57 orcs
  12 endoplasms
  6 giant cockroaches
  7 gnoll zombies (Ossuary)
  5 hobgoblins
  8 jackals
  4 quokkas
  8 ball pythons
  5 bats
  4 frilled lizards
  A giant cockroach zombie (Sewer)
  5 goblins
  A goblin skeleton (D:9)
  4 goblin zombies (D:9)
  A hobgoblin skeleton (D:9)
  6 hobgoblin zombies
  39 kobolds
  6 kobold zombies
  3 orc skeletons (D:9)
  17 orc zombies
  3 rats (D:2)
  A starspawn tentacle (Lair:5)
1022 creatures vanquished.

Vanquished Creatures (others)
  A bloated husk (Swamp:1)
  2 bushes
  18 foxfires (Swamp:1)
  57 fungi
  102 plants
  2 starspawn tentacles (Lair:5)
  7 toadstools (D:2)
189 creatures vanquished.

Grand Total: 1211 creatures vanquished

Notes
Turn   | Place    | Note
-------+----------+-------------------------------------------
     0 | D:1      | cforsyth the Ghoul Monk began the quest for the Orb.
     0 | D:1      | Reached XP level 1. HP: 19/19 MP: 0/0
   373 | D:2      | Reached XP level 2. HP: 26/26 MP: 1/1
   454 | D:2      | Reached XP level 3. HP: 33/33 MP: 2/2
   485 | D:2      | Reached skill level 1 in Armour
   966 | D:2      | Reached skill level 4 in Unarmed Combat
   969 | D:2      | Reached XP level 4. HP: 34/40 MP: 3/3
  1028 | D:2      | Reached XP level 5. HP: 29/47 MP: 4/4
  2154 | D:3      | Noticed Natasha
  2157 | D:3      | Reached skill level 5 in Fighting
  2157 | D:3      | Reached skill level 5 in Unarmed Combat
  2157 | D:3      | Reached XP level 6. HP: 56/56 MP: 5/5
  2164 | D:3      | Killed Natasha
  2394 | D:3      | Noticed Natasha
  2409 | D:3      | Killed Natasha
  2479 | D:3      | Noticed Natasha
  2485 | D:3      | Killed Natasha
  2808 | D:4      | Found a sand-covered staircase.
  2818 | Ossuary  | Entered an ossuary
  2893 | Ossuary  | Reached XP level 7. HP: 32/61 MP: 6/6
  3242 | D:4      | Noticed Eustachio
  3263 | D:4      | Reached skill level 6 in Unarmed Combat
  3297 | D:4      | Killed Eustachio
  3334 | D:4      | Found a glowing drain.
  3350 | Sewer    | Entered a sewer
  3428 | Sewer    | Reached XP level 8. HP: 70/71 MP: 7/7
  3459 | Sewer    | Found a burning altar of Makhleb.
  3476 | Sewer    | Noticed Grinder
  3491 | Sewer    | Killed Grinder
  3901 | Sewer    | Reached skill level 7 in Unarmed Combat
  4162 | D:4      | Found Viogog's Jewellery Boutique.
  4549 | D:5      | Entered Level 5 of the Dungeon
  4555 | D:5      | Reached skill level 5 in Armour
  4593 | D:5      | Noticed Prince Ribbit
  4811 | D:5      | Killed Prince Ribbit
  4972 | D:5      | Noticed Dowan
  5003 | D:5      | Killed Dowan
  5004 | D:5      | Reached XP level 9. HP: 68/80 MP: 8/8
  5169 | D:5      | Noticed Duvessa
  5187 | D:5      | Killed Duvessa
  5333 | D:5      | HP: 3/81 [killer bee (7)]
  5339 | D:5      | Found a sparkling altar of Nemelex Xobeh.
  5402 | D:5      | Found a sacrificial altar of Ru.
  5402 | D:5      | Found a shimmering altar of Xom.
  5403 | D:5      | Found an ancient bone altar of Kikubaaqudgha.
  5405 | D:5      | Found a burning altar of Makhleb.
  5405 | D:5      | Found a bloodstained altar of Trog.
  5406 | D:5      | Found a snail-covered altar of Cheibriados.
  5491 | D:5      | Reached skill level 8 in Unarmed Combat
  7218 | D:6      | Identified the +4 dagger of Equivalence {vamp, *Noise Will+
                  | Dex+2 SInv}
  7239 | D:6      | Found a transporter.
  7239 | D:6      | Noticed Iich's ghost (amateur MiFi)
  7267 | D:6      | Found a transporter.
  7457 | D:6      | Found a staircase to the Ecumenical Temple.
  7465 | Temple   | Entered the Ecumenical Temple
  7531 | Temple   | Became a worshipper of Warmaster Okawaru
  7531 | Temple   | Reached * piety under Okawaru
  7531 | Temple   | Reached ** piety under Okawaru
  8019 | D:7      | Reached skill level 9 in Unarmed Combat
  8135 | D:7      | Identified the +0 ring mail "Amin" {rPois rF+}
  8763 | D:8      | Reached skill level 1 in Shields
  8763 | D:8      | Reached XP level 10. HP: 66/91 MP: 9/9
  9022 | D:8      | Identified the +4 long sword of Yvu Yha {pain, Str+4 SInv}
  9081 | D:8      | Reached *** piety under Okawaru
  9267 | D:8      | Reached skill level 10 in Fighting
  9267 | D:8      | Reached skill level 10 in Unarmed Combat
  9271 | D:8      | Reached skill level 1 in Invocations
  9347 | D:8      | Noticed Erica
  9363 | D:8      | Killed Erica
  9823 | D:9      | Reached **** piety under Okawaru
  9827 | D:9      | Reached XP level 11. HP: 92/101 MP: 10/12
  9869 | D:9      | Found a radiant altar of Vehumet.
  9897 | D:9      | Found a staircase to the Lair.
 10191 | D:9      | Found a staircase to the Orcish Mines.
 10632 | D:9      | Reached ***** piety under Okawaru
 10844 | D:10     | Entered Level 10 of the Dungeon
 10963 | D:10     | Found a broken altar of Ashenzari.
 10963 | D:10     | Noticed a two-headed ogre
 10973 | D:10     | Killed a two-headed ogre
 10979 | D:10     | Found a hide-covered altar of Uskayaw.
 11454 | D:10     | Reached skill level 5 in Shields
 11559 | D:10     | Noticed a two-headed ogre
 11564 | D:10     | Killed a two-headed ogre
 11565 | D:10     | Reached skill level 11 in Unarmed Combat
 11747 | D:10     | Found a stormy altar of Qazlal.
 12006 | D:11     | Noticed a manticore
 12197 | D:10     | Killed a manticore
 12736 | D:11     | Received a gift from Okawaru
 12743 | D:11     | Reached skill level 5 in Invocations
 12989 | D:11     | Noticed a cyclops
 13002 | D:11     | Killed a cyclops
 13024 | D:11     | Noticed a manticore
 13037 | D:11     | Killed a manticore
 13232 | D:11     | Noticed a boulder beetle
 13269 | D:10     | Killed a boulder beetle
 13270 | D:10     | Reached XP level 12. HP: 76/110 MP: 15/15
 13777 | D:12     | Noticed a two-headed ogre
 13780 | D:12     | Killed a two-headed ogre
 14000 | D:12     | Noticed Maurice
 14059 | D:12     | Killed Maurice
 15004 | D:13     | Identified 3 scrolls of acquirement
 15004 | D:13     | Acquired the +1 pair of gloves of Qajegok {Contam rF++
                  | Str+4 Stlth-}
 15021 | D:13     | Found a gate to the Vaults.
 15021 | D:13     | Noticed a vault guard
 15021 | D:13     | Noticed a vault guard
 15021 | D:13     | Noticed a vault guard
 15022 | D:13     | Noticed a centaur warrior
 15024 | D:13     | Noticed a vault guard
 15117 | Lair:1   | Entered Level 1 of the Lair of Beasts
 15137 | Lair:1   | Acquired a +1 kite shield of protection
 15186 | Lair:1   | Acquired 779 gold pieces
 15335 | Lair:1   | Reached skill level 12 in Unarmed Combat
 15520 | Lair:1   | Identified the +1 kite shield of the Orb Guardian {rElec
                  | rC- rN+} (Okawaru gifted it to you on level 1 of the Lair
                  | of Beasts)
 15520 | Lair:1   | Received a gift from Okawaru
 16029 | Lair:2   | Noticed a catoblepas
 16049 | Lair:2   | Killed a catoblepas
 16113 | Lair:2   | Reached skill level 10 in Armour
 16273 | Lair:2   | Reached XP level 13. HP: 68/119 MP: 17/17
 16494 | Lair:2   | Found a staircase to the Snake Pit.
 16639 | Lair:2   | Found a staircase to the Swamp.
 17011 | Lair:3   | Found a frozen archway.
 17011 | Lair:3   | Noticed Gastronok
 17194 | Lair:3   | Killed Gastronok
 17268 | IceCv    | Entered an ice cave
 17372 | IceCv    | Found a transporter.
 17387 | IceCv    | Found a transporter.
 17454 | Lair:3   | Reached skill level 5 in Stealth
 17807 | Lair:3   | Identified the +6 quarterstaff of the Cursing Gods {heavy,
                  | rPois rC+} (Okawaru gifted it to you on level 3 of the Lair
                  | of Beasts)
 17807 | Lair:3   | Received a gift from Okawaru
 18023 | Lair:3   | Acquired the amulet "Toceaj" {RegenMP Will+ Str+6 Stlth+}
 18147 | Lair:4   | Reached skill level 13 in Unarmed Combat
 18264 | Lair:4   | Found a dark tunnel.
 18270 | Volcano  | Entered a volcano
 18646 | Lair:4   | Identified the +1 ring mail "Caynarph" {rF+ Regen+ Int+2
                  | Stlth+}
 18654 | Lair:4   | Identified the +3 quarterstaff of Big Damage {chaos, rElec
                  | rC+++ Int-5 Stlth-} (Okawaru gifted it to you on level 4 of
                  | the Lair of Beasts)
 18654 | Lair:4   | Received a gift from Okawaru
 18655 | Lair:4   | Reached XP level 14. HP: 124/129 MP: 19/19
 18701 | Lair:4   | Found a runed translucent door.
 18706 | Lair:4   | Noticed themarg's ghost (journeyman GnTm)
 18706 | Lair:4   | Identified the +2 spear of Uxkoud {elec, rN+}
 19308 | Lair:5   | Entered Level 5 of the Lair of Beasts
 19311 | Lair:5   | Noticed Rupert
 19779 | Lair:5   | Found a viscous altar of Jiyva.
 19780 | Lair:5   | Found a staircase to the Slime Pits.
 19932 | Lair:4   | Received a gift from Okawaru
 20084 | Lair:5   | Killed Rupert
 20537 | Lair:5   | Reached skill level 10 in Invocations
 20562 | Lair:5   | Received a gift from Okawaru
 20648 | Lair:5   | Reached skill level 14 in Unarmed Combat
 21049 | Lair:5   | Found a runed translucent door.
 21055 | Lair:5   | Noticed a tentacled starspawn
 21227 | Lair:5   | Acquired the ring of Syonizxar {Wiz Str+3 Int+2 Slay+3}
 21349 | Orc:1    | Entered Level 1 of the Orcish Mines
 21383 | Orc:1    | You fall into a shaft and drop 1 floor!
 21383 | Orc:2    | Entered Level 2 of the Orcish Mines
 21383 | Orc:2    | Found a staircase to the Elven Halls.
 21572 | Orc:1    | Reached ****** piety under Okawaru
 21573 | Orc:1    | Identified the +9 pearl dragon scales of Parts Unknown
                  | {-Tele rElec rN+ Dex+7} (Okawaru gifted it to you on level
                  | 1 of the Orcish Mines)
 21573 | Orc:1    | Received a gift from Okawaru
 22520 | Orc:1    | Reached XP level 15. HP: 113/138 MP: 21/21
 23154 | Orc:2    | Found Riyrum's Magic Scroll Shoppe.
 23156 | Orc:2    | Found Haorageq's Distillery.
 23223 | Orc:2    | Bought a potion of haste for 130 gold pieces
 23225 | Orc:2    | Bought a scroll of blinking for 105 gold pieces
 23797 | Orc:2    | Found Xalizopp's Book Shop.
 23797 | Orc:2    | Found Guhasamui's Antique Armour Boutique.
 23798 | Orc:2    | Found a one-way gate leading to the halls of Pandemonium.
 23983 | Orc:1    | Found a runed translucent gate.
 23983 | Orc:1    | Found a runed translucent gate.
 23983 | Orc:1    | Found a runed translucent gate.
 24051 | Orc:1    | Noticed Iich's ghost (journeyman MiFi)
 24122 | Orc:1    | Found an iron altar of Okawaru.
 24322 | D:12     | Reached skill level 10 in Shields
 24932 | D:13     | Identified the +10 lajatang "Qiloosi" {antimagic, Will+}
                  | (Okawaru gifted it to you on level 13 of the Dungeon)
 24932 | D:13     | Received a gift from Okawaru
 24993 | D:13     | Found an opulent altar of Gozag.
 24994 | D:13     | Found a runed translucent gate.
 24994 | D:13     | Found a runed translucent gate.
 24994 | D:13     | Found a runed translucent gate.
 24995 | D:13     | Noticed Isikleif's ghost (journeyman MiBe)
 24996 | D:13     | Noticed an orc warlord
 24998 | D:13     | Found Doagel's Assorted Antiques.
 26072 | D:14     | Reached skill level 15 in Unarmed Combat
 26242 | D:14     | Reached skill level 15 in Fighting
 26740 | D:14     | HP: 7/141 [phantasmal warrior[a death knight] (14)]
 27463 | D:15     | Entered Level 15 of the Dungeon
 27474 | D:14     | Reached XP level 16. HP: 144/149 MP: 23/23
 27912 | D:15     | Found a staircase to the Depths.
 28906 | D:15     | Received a gift from Okawaru
 29328 | D:6      | Killed Iich's ghost
 29579 | Orc:1    | Killed Iich's ghost
 29785 | Lair:4   | Killed themarg's ghost
 30078 | Lair:5   | Killed a tentacled starspawn
 30385 | D:13     | Killed Isikleif's ghost
 30878 | D:13     | Bought a scroll of teleportation for 108 gold pieces
 30882 | D:13     | Bought a scroll of enchant armour for 270 gold pieces
 31149 | Snake:1  | Entered Level 1 of the Snake Pit
 31949 | Snake:1  | Reached skill level 16 in Unarmed Combat
 31968 | Snake:1  | Noticed Kirke
 32003 | Snake:1  | Killed Kirke
 32021 | Snake:1  | Received a gift from Okawaru
 32159 | Snake:1  | Reached XP level 17. HP: 137/158 MP: 25/25
 33709 | Snake:2  | Reached skill level 17 in Unarmed Combat
 33717 | Snake:2  | Identified the +7 plate armour of Okawaru, Hammering {rF+
                  | Int+4 Dex-5} (Okawaru gifted it to you on level 2 of the
                  | Snake Pit)
 33717 | Snake:2  | Received a gift from Okawaru
 33950 | Snake:2  | Found Ylam's Magic Scroll Boutique.
 33959 | Snake:2  | Bought a scroll of blinking for 142 gold pieces
 36194 | Snake:3  | Reached skill level 15 in Armour
 36420 | Snake:3  | Reached skill level 18 in Unarmed Combat
 37246 | Snake:4  | Entered Level 4 of the Snake Pit
 37255 | Snake:3  | Received a gift from Okawaru
 37349 | Snake:4  | Noticed Mara
 37371 | Snake:4  | Noticed cforsyth's illusion
 37725 | Snake:4  | Noticed cforsyth's illusion
 37757 | Snake:3  | Killed Mara
 37758 | Snake:3  | Reached XP level 18. HP: 109/166 MP: 26/26
 37972 | Snake:4  | Noticed Nikola
 38003 | Snake:4  | Killed Nikola
 38003 | Snake:4  | Received a gift from Okawaru
 38751 | Snake:4  | Found Saigomux's Armour Boutique.
 38760 | Snake:4  | Found Facy's Assorted Antiques.
 38760 | Snake:4  | Found Alytuhop's Armour Shop.
 39171 | Snake:4  | Found Meet's Magic Scroll Shop.
 39176 | Snake:4  | Bought 3 scrolls of blinking for 562 gold pieces
 39179 | Snake:4  | Bought a scroll of teleportation for 48 gold pieces
 39185 | Snake:4  | Bought a +1 helmet of see invisible for 313 gold pieces
 39230 | Snake:4  | Identified the +0 chain mail of Too Many Cooks {rC- Regen+
                  | Int-2 Dex+6}
 39401 | Snake:4  | Reached skill level 19 in Unarmed Combat
 39467 | Snake:4  | Noticed Vashnia
 39500 | Snake:4  | Killed Vashnia
 40434 | Snake:4  | Identified the +2 cloak "Qudiunoz" {*Slow rElec rN+++
                  | Will-} (Okawaru gifted it to you on level 4 of the Snake
                  | Pit)
 40434 | Snake:4  | Received a gift from Okawaru
 40682 | Snake:4  | Got a serpentine rune of Zot
 40883 | Swamp:1  | Entered Level 1 of the Swamp
 42160 | Swamp:1  | HP: 8/166 [goliath frog (15)]
 42160 | Swamp:1  | Splashed by a goliath frog's acid

Illustrated notes

Levels and vault maps discovered:
D:1:      minmay_arrival_three_doors, layout_basic
D:2:      cheibrodos_fertilizer, layout_loops_ring
D:3:      layout_basic, uniq_natasha
D:4:      layout_rooms, portal_sewer_entry_b, serial_shops,
          nicolae_shop_statue_plus, gup_ossuary_entry_pyramid, serial_rivers,
          chequers_serial_rivers_large_b, chequers_serial_rivers_large_a,
          chequers_serial_rivers_small_a, chequers_serial_rivers_micro_b,
          chequers_serial_rivers_micro_b, uniq_eustachio
D:5:      layout_layer_cave, grunt_temple_overflow_open, uniq_duvessa,
          uniq_prince_ribbit1
D:6:      layout_basic, temple_doors_ab, gammafunk_ghost_stat_death
D:7:      layout_loops_ring
D:8:      layout_basic, uniq_erica
D:9:      layout_gridville, vehumet_statue, dpeg_oklobed_lair, zombieorc2_lemuel
D:10:     layout_loops_corners, grunt_qazlal_clouds, jmf_multi_god_temple,
          serial_aquarium, aquarium_bridge_island_small
          [aquarium_subvault_small_open, aquarium_subvault_window,
          aquarium_subvault_bridge, aquarium_subvault_wall,
          aquarium_subvault_wall], aquarium_bridge_straight
          [aquarium_subvault_bridge, aquarium_subvault_wall,
          aquarium_subvault_bridge, aquarium_subvault_balcony],
          aquarium_window_1, aquarium_window_1, aquarium_view_4,
          aquarium_view_2d, aquarium_balcony_3b, aquarium_pool_four
D:11:     layout_irregular_city
D:12:     layout_basic, uniq_maurice
D:13:     layout_gridville, lightli_vaults_fourway_checkpoint,
          ebering_ghost_gozag, minivault_16
D:14:     layout_irregular_city, serial_bayou, serial_bayou_pond_d,
          serial_bayou_crossing, serial_bayou_lagoon_a, serial_bayou_ford_a
D:15:     grunt_enter_depths_giant_problem, layout_loops_cross, serial_glass,
          glass_columns_b, glass_columns_a, glass_columns_b, glass_columns_b,
          glass_columns_b, glass_columns_b, glass_columns_c, glass_columns_b,
          glass_columns_a, glass_columns_a, glass_columns_a, glass_columns_c,
          glass_columns_a, glass_columns_c
Temple:   dpeg_chambers_temple
Lair:1:   layout_loops_ring
Lair:2:   layout_concentric_octagons, minmay_swamp_entry_swarm,
          guppyfry_snake_entry_island, st_stairs_9
Lair:3:   layout_misc_corridors, portal_ice_cave_entry_ice_simulacra,
          st_stairs_6, nicolae_lair_run_with_the_wolves, uniq_gastronok
Lair:4:   layout_loops_ring, enter_volcano_2, ebering_ghost_funeral_grove
Lair:5:   gammafunk_lair_ancient_temple, layout_regular_city, slime_entry_1,
          pdpol_lair_cabin_in_the_woods, uniq_rupert
Swamp:1:  layout_basic_swamp, evilmike_swamp_ruin_rubble_1, swamp_pool1,
          infiniplex_staircase_pool
Snake:1:  layout_basic, nicolae_snake_gridmaze_tees, grunt_ministairs_3,
          uniq_kirke
Snake:2:  layout_cave_pods, serial_shops, shop, eino_curves_02,
          nicolae_snake_omega, serial_bayou_shore_a
Snake:3:  layout_chambers, nicolae_snake_single_loop
Snake:4:  johnstein_snake_rune_scales, layout_misc_corridors, minmay_shoptagon,
          grunt_megastairs_5, uniq_nikola, uniq_vashnia, uniq_mara
Orc:1:    layout_caves, gammafunk_ghost_fury_of_okawaru
Orc:2:    pf_orc_diabolical, layout_diamond_mine

Skill      XL: |  1  2  3  4  5  6  7  8  9 10 11 12 13 14 15 16 17 18 |
---------------+-------------------------------------------------------+-----
Armour         | 1 2 3 4 5 7 8 9 10 11 12 13 15 16 | 16.6
Fighting       | 4 5 6 7 9 10 11 12 13 14 15 | 15.8
Unarmed Combat | 4 5 6 7 9 10 11 12 13 14 15 16 18 19 | 19.7
Shields        | 1 3 5 7 8 9 10 11 | 11.3
Invocations    | 2 5 7 9 10 11 12 | 12.7
Stealth        | 5 |  5.8
Dodging        | |  2.8

Action                   |  1- 3 |  4- 6 |  7- 9 | 10-12 | 13-15 | 16-18 || total
-------------------------+-------+-------+-------+-------+-------+-------++-------
Melee: Unarmed           |    92 |   168 |   648 |   850 |  1353 |  1444 ||  4555
       Punch             |     1 |     6 |    26 |       |       |       ||    33
Invok: Heroism           |       |       |       |     8 |    15 |    10 ||    33
  Use: Scroll            |       |     2 |    12 |    11 |    20 |     2 ||    47
       Potion            |       |       |     2 |     1 |     9 |     6 ||    18
 Stab: Sleeping          |     2 |       |       |       |       |       ||     2
Armor: Robe              |     3 |       |       |       |       |       ||     3
       Plate armour      |    66 |   152 |   464 |   426 |  1067 |   885 ||  3060
Dodge: Dodged            |    34 |    52 |   216 |   267 |   410 |   397 ||  1376
Block: Buckler           |       |       |     3 |   112 |       |       ||   115
       Kite shield       |       |       |       |    90 |   937 |   812 ||  1839

Table legend: (Time is in decaauts)
 A = Elapsed time spent in this place.
 B = Non-inter-level travel time spent in this place.
 C = Inter-level travel time spent in this place.
 D = Time resting spent in this place.
 E = Time spent auto-exploring this place.
 F = Levels seen in this place.
 G = Mean time per level.
                   A        B        C        D        E       F      G
               +--------+--------+--------+--------+--------+-----+--------+
         Total |  41621 |  39529 |   2092 |  10887 |  19738 |  32 | 1300.7 |
       Dungeon |  20030 |  18799 |   1231 |   4731 |  10339 |  15 | 1335.3 |
        Temple |     74 |     39 |     35 |      0 |     37 |   1 |   74.0 |
          Lair |   7351 |   6871 |    480 |   1394 |   3596 |   5 | 1470.2 |
         Swamp |    398 |    398 |      0 |    100 |    184 |   1 |  398.0 |
     Snake Pit |   9378 |   9154 |    224 |   3376 |   3911 |   4 | 2344.5 |
  Orcish Mines |   2898 |   2778 |    120 |    785 |   1206 |   2 | 1449.0 |
         Sewer |    654 |    654 |      0 |    254 |    216 |   1 |  654.0 |
       Ossuary |    366 |    366 |      0 |     99 |     45 |   1 |  366.0 |
      Ice Cave |    110 |    110 |      0 |     64 |      6 |   1 |  110.0 |
       Volcano |    357 |    357 |      0 |     82 |    196 |   1 |  357.0 |
               +--------+--------+--------+--------+--------+-----+--------+

Top non-repeatable levels by time:
 Snake:3: 2711 daAuts
 Snake:4: 2452 daAuts
 Snake:2: 2414 daAuts
     D:5: 2240 daAuts
  Lair:2: 2079 daAuts
  Lair:5: 1983 daAuts
   Orc:2: 1969 daAuts
    D:10: 1942 daAuts
    D:12: 1933 daAuts
    D:14: 1836 daAuts
 Snake:1: 1800 daAuts
    D:13: 1764 daAuts
     D:9: 1435 daAuts
     D:2: 1290 daAuts
    D:15: 1266 daAuts
